 Dungeon Crawl Stone Soup version 0.23.1-37-gaa34b87 (webtiles) character file.

Game seed: 18280062932197415806

5070 dengdeng the Cruncher (level 10, 0/90 HPs)
             Began as a Hill Orc Berserker on Mar 27, 2019.
             Was a High Priest of Trog.
             Killed by vampiric draining
             ... invoked by a vampire
              (8 damage)
             ... on level 10 of the Dungeon.
             The game lasted 00:31:17 (8864 turns).

dengdeng the Cruncher (Hill Orc Berserker)          Turns: 8864, Time: 00:31:17

Health: 0/90       AC: 13    Str: 24    XL:     10   Next: 56%
Magic:  10/10      EV:  7    Int:  7    God:    Trog [*****.]
Gold:   566        SH:  0    Dex: 10    Spells: 9/9 levels left

rFire    . . .     SeeInvis .   y - +3 quarterstaff (chaos)
rCold    . . .     Gourm    .   (shield currently unavailable)
rNeg     . . .     Faith    +   I - +0 plate armour
rPois    .         Spirit   .   (no helmet)
rElec    .         Reflect  .   z - +1 cloak
rCorr    .         Harm     .   (no gloves)
MR       +....                  (no boots)
Stlth    ..........             B - amulet of faith
HPRegen  0.25/turn              e - +1 ring of evasion
MPRegen  0.12/turn              q - ring of protection from magic

@: starving, very heavily drained
A: no striking features
a: Berserk, Trog's Hand, Brothers in Arms, Renounce Religion


You were on level 10 of the Dungeon.
You worshipped Trog.
Trog was extremely pleased with you.
You were starving.

You visited 1 branch of the dungeon, and saw 10 of its levels.

You collected 566 gold pieces.

Inventory:

Hand Weapons
 a - a +0 hand axe
 y - a +3 quarterstaff of chaos (weapon)
Missiles
 f - 258 stones (quivered)
 g - 5 silver javelins
 r - 4 javelins
Armour
 z - a +1 cloak (worn)
 I - a +0 plate armour (worn)
Jewellery
 e - a +1 ring of evasion (left hand)
 q - a ring of protection from magic (right hand)
 B - an amulet of faith (around neck)
 F - an uncursed amulet of the gourmand
 G - an uncursed ring of resist corrosion
Wands
 d - a wand of acid (8)
Scrolls
 h - 3 scrolls of teleportation {unknown}
 j - 4 scrolls of immolation {unknown}
 k - 4 scrolls of identify
 l - a scroll of noise {unknown}
 m - 4 scrolls of remove curse
 o - a scroll of magic mapping {unknown}
 s - a scroll of blinking {unknown}
 t - 3 scrolls of amnesia {unknown}
 u - a scroll of fog {unknown}
Potions
 b - a potion of curing
 n - 3 potions of invisibility
 p - 3 potions of lignification {unknown}
 v - 3 potions of might {unknown}
 w - 2 potions of flight {unknown}
 x - a potion of ambrosia {unknown}
 A - a potion of cancellation {unknown}
 D - a potion of brilliance {unknown}
 H - a potion of agility {unknown}
Comestibles
 c - 21 rations


   Skills:
 + Level 8.4(4.1) Fighting
 + Level 7.1(3.1) Axes
   Level 2.1(3.6) Maces & Flails
 + Level 8.6(4.3) Staves
 + Level 1.0(0.0) Throwing
 + Level 8.2(3.9) Armour
 + Level 3.5(0.0) Dodging
 + Level 2.6(0.0) Stealth


You had 9 spell levels left.
You didn't know any spells.
Your spell library was empty.

Dungeon Overview and Level Annotations

Branches:
Dungeon (10/15)            Temple (0/1) D:6             Orc (0/2) D:9
   Lair: D:8-11

Altars:
Dithmenos
Gozag
Hepliaklqana
Ru
Trog
Yredelemnul
The Shining One

Shops:
D:4 [   D:6 (


Message History

Something bites you but does no damage.
You closely miss something. Something hits you but does no damage.
Something bites you but does no damage.
You closely miss something. Something hits you. Something bites you!
Something draws strength from your injuries!
You miss something. Something hits you.
* * * LOW HITPOINT WARNING * * *
Something bites you!
* * * LOW HITPOINT WARNING * * *
Something draws strength from your injuries!
You hit something. Something hits you!
* * * LOW HITPOINT WARNING * * *
Something bites you but does no damage.
You closely miss something. Something hits you but does no damage.
Something bites you.
* * * LOW HITPOINT WARNING * * *
Something draws strength from your injuries!
You thump something! Lightning courses through something!!
Unholy energy fills the air.
You die...

# ## #. ..
####.#####.####
#............!#
...............#
...........?...+
#@#.....) #
#{#......
#.##.##Z#..≈####
#...............
####%#..#..≈#####
##.....<.......
............#≈≈≈.
............;≈≈≈.
.................


You could see a killer bee zombie.

Vanquished Creatures
  The ghost of HunterMK the Basher, a journeyman GrFi of Makhleb (D:9)
  An ugly thing (D:8)
  A troll (D:9)
  Sigmund (D:5)
  4 hogs (D:8)
  A human (D:8)
  Menkaure (D:5)
  An ice beast (D:6)
  An eye of draining (D:9)
  A black bear (D:6)
  A sky beast (D:8)
  7 ogres
  2 phantoms
  3 centaurs
  A big kobold (D:7)
  6 bullfrogs
  A scorpion (D:5)
  3 crimson imps
  A jelly (D:5)
  A quasit (D:7)
  4 orc priests
  A bullfrog skeleton (D:8)
  A centaur zombie (D:5)
  A hound (D:7)
  A centaur skeleton (D:8)
  Crazy Yiuf (D:4)
  2 iguanas
  6 worker ants
  2 orc wizards
  A hound skeleton (D:6)
  A howler monkey skeleton (D:7)
  4 gnolls (D:8)
  14 adders
  5 shadow imps
  2 adder zombies
  2 worms (D:3)
  4 dart slugs
  4 leopard geckos
  9 orcs
  A ball python (D:2)
  5 bats
  3 giant cockroaches
  5 goblins
  7 hobgoblins
  9 jackals
  4 quokkas
  3 frilled lizards (D:2)
  A jackal skeleton (D:7)
  12 kobolds
  A leopard gecko skeleton (D:4)
  9 rats
  A spectral orc (D:2)
165 creatures vanquished.

Vanquished Creatures (others)
  A hobgoblin (D:3)
  2 withered plants (D:9)
3 creatures vanquished.

Grand Total: 168 creatures vanquished

Notes
Turn   | Place    | Note
-------+----------+-------------------------------------------
     0 | D:1      | dengdeng the Hill Orc Berserker began the quest for the
                  | Orb.
     0 | D:1      | Reached XP level 1. HP: 19/19 MP: 1/1
   153 | D:1      | Reached XP level 2. HP: 12/27 MP: 2/2
   466 | D:1      | Reached XP level 3. HP: 14/33 MP: 3/3
  1013 | D:2      | Reached ** piety under Trog
  1018 | D:2      | You fall through a shaft for 2 floors!
  1031 | D:4      | Reached skill level 5 in Axes
  1033 | D:4      | Found Comisch's Antique Armour Shoppe.
  1176 | D:3      | Reached XP level 4. HP: 36/41 MP: 4/4
  1215 | D:3      | Noticed an ogre
  1224 | D:3      | Killed an ogre
  1224 | D:3      | Reached XP level 5. HP: 47/47 MP: 5/5
  1289 | D:3      | Found a glowing golden altar of the Shining One.
  1699 | D:2      | Found a hazy altar of Hepliaklqana.
  1761 | D:2      | Found a basalt altar of Yredelemnul.
  2304 | D:3      | You fall through a shaft!
  2348 | D:3      | Found a sacrificial altar of Ru.
  2539 | D:3      | Reached *** piety under Trog
  2539 | D:3      | Reached XP level 6. HP: 51/55 MP: 6/6
  2984 | D:3      | Found an opulent altar of Gozag.
  2992 | D:3      | Found a bloodstained altar of Trog.
  3329 | D:4      | Found a runed translucent door.
  3330 | D:4      | Noticed Crazy Yiuf
  3339 | D:4      | Killed Crazy Yiuf
  3866 | D:5      | Entered Level 5 of the Dungeon
  3916 | D:5      | Noticed Sigmund
  3922 | D:5      | Killed Sigmund
  3922 | D:5      | Reached skill level 5 in Fighting
  3922 | D:5      | Reached skill level 1 in Maces & Flails
  3922 | D:5      | Reached XP level 7. HP: 61/61 MP: 7/7
  4029 | D:5      | Reached skill level 1 in Staves
  4329 | D:5      | Reached skill level 1 in Throwing
  4725 | D:5      | You fall through a shaft for 2 floors!
  4732 | D:7      | Reached skill level 5 in Armour
  4732 | D:7      | Reached skill level 1 in Stealth
  4732 | D:7      | Reached XP level 8. HP: 70/70 MP: 8/8
  5052 | D:5      | Reached **** piety under Trog
  5092 | D:5      | Found a shadowy altar of Dithmenos.
  5092 | D:5      | Noticed Menkaure
  5098 | D:5      | Killed Menkaure
  5495 | D:6      | Found a staircase to the Ecumenical Temple.
  5737 | D:6      | Found Oreocucet's Weapon Shoppe.
  5819 | D:6      | Reached XP level 9. HP: 62/78 MP: 9/9
  5910 | D:6      | You fall through a shaft for 3 floors!
  5976 | D:9      | Noticed a troll
  5982 | D:9      | Killed a troll
  5982 | D:9      | Reached skill level 5 in Staves
  6132 | D:9      | Found a runed translucent door.
  6133 | D:9      | Noticed HunterMK's ghost (journeyman GrFi)
  6172 | D:9      | Found a staircase to the Orcish Mines.
  6723 | D:7      | Received a gift from Trog
  7367 | D:8      | Noticed a purple ugly thing
  7380 | D:8      | Killed a purple ugly thing
  7639 | D:8      | Reached XP level 10. HP: 85/86 MP: 10/10
  7894 | D:8      | Reached ***** piety under Trog
  8562 | D:9      | Killed HunterMK's ghost
  8834 | D:10     | Entered Level 10 of the Dungeon
  8864 | D:10     | Killed from afar by a vampire

Skill      XL: |  1  2  3  4  5  6  7  8  9 10 |
---------------+-------------------------------+-----
Fighting       | 4 5 6 7 8 |  8.4
Axes           | 5 6 7 |  7.1
Armour         | 3 4 5 6 7 8 |  8.2
Dodging        | 2 3 |  3.5
Maces & Flails | 1 2 |  2.1
Staves         | 2 4 7 8 |  8.6
Throwing       | 1 |  1.0
Stealth        | 1 2 |  2.6

Action                   |  1- 3 |  4- 6 |  7- 9 | 10-12 || total
-------------------------+-------+-------+-------+-------++-------
Melee: Hand axe          |    72 |   186 |       |       ||   258
       Mace              |       |    35 |       |       ||    35
       Quarterstaff      |       |     5 |   269 |   125 ||   399
Throw: Stone             |       |    42 |     1 |       ||    43
Invok: Berserk           |       |     3 |     1 |     2 ||     6
  Use: Potion            |     2 |       |     3 |       ||     5
       Scroll            |       |       |     6 |     1 ||     7
 Stab: Paralysed         |       |       |     6 |       ||     6
       Confused          |       |       |     1 |       ||     1
  Eat: Chunk             |     1 |    10 |    14 |     4 ||    29
Armor: Ring mail         |    24 |    91 |    44 |       ||   159
       Scale mail        |       |       |    35 |       ||    35
       Plate armour      |       |       |    63 |    86 ||   149
Dodge: Dodged            |    40 |   153 |   159 |    38 ||   390
